 Dungeon Crawl Stone Soup version 0.20.1-1-g8b1a95d (webtiles) character file.

504 KoningWillie the Chopper (level 7, -6/60 HPs)
             Began as a Hill Orc Fighter on Sept 11, 2017.
             Killed from afar by Ijyb (20 damage)
             ... with a wand of lightning (?/15)
             ... on level 4 of the Dungeon.
             The game lasted 00:04:09 (3205 turns).

KoningWillie the Chopper (Hill Orc Fighter)         Turns: 3205, Time: 00:04:09

Health: -6/60      AC:  7    Str: 21    XL:     7   Next: 17%
Magic:  7/7        EV:  8    Int:  8    God:
Gold:   161        SH:  9    Dex: 10    Spells: 6/6 levels left

rFire    . . .     SeeInvis .   a - +0 war axe
rCold    . . .     Gourm    .   c - +0 shield
rNeg     . . .     Faith    .   b - +0 scale mail
rPois    .         Spirit   .   (no helmet)
rElec    .         Reflect  .   (no cloak)
rCorr    .         Harm     .   (no gloves)
MR       .....                  (no boots)
Stlth    ..........             (no amulet)
Regen    0.2/turn               (no ring)
MPRegen  0.1/turn               (no ring)

@: no status effects
A: no striking features
a: no special abilities


You were on level 4 of the Dungeon.
You were not hungry.

You visited 1 branch of the dungeon, and saw 4 of its levels.

You collected 161 gold pieces.

Inventory:

Hand Weapons
 a - a +0 war axe (weapon)
 r - a +0 scythe
Armour
 b - a +0 scale mail (worn)
 c - a +0 shield (worn)
 s - a +0 robe
Scrolls
 e - a scroll of fog {unknown}
 k - 5 scrolls of remove curse
 l - a scroll of immolation {unknown}
 m - a scroll of magic mapping {unknown}
 p - a scroll of teleportation {unknown}
 q - a scroll of enchant weapon {unknown}
 t - a scroll of identify
Potions
 d - a potion of might
 g - a potion of ambrosia {unknown}
 h - a potion of cancellation {unknown}
 i - a potion of curing
 j - 2 potions of invisibility
 n - a potion of haste {unknown}
 o - a potion of heal wounds {unknown}
Comestibles
 f - a bread ration


   Skills:
 + Level 4.8 Fighting
 + Level 6.1 Axes
 + Level 5.0 Armour
 + Level 1.2 Dodging
 + Level 0.1 Stealth
 + Level 4.9 Shields


You had 6 spell levels left.
You didn't know any spells.

Dungeon Overview and Level Annotations

Branches:
Dungeon (4/15)
 Temple: D:4-7

Altars:

Annotations:
D:3 Sergeek's ghost, amateur HOFi
D:4 Ijyb


Message History

Ijyb zaps a wand.
The bolt of lightning hits you!
It is a wand of lightning (?/15).
Ijyb closely misses you.
You closely miss Ijyb.
Ijyb is lightly wounded.
You block Ijyb's attack.
You closely miss Ijyb.
Ijyb is lightly wounded.
You block Ijyb's attack.
You barely miss Ijyb.
Ijyb is lightly wounded.
Ijyb zaps a wand.
The bolt of lightning hits you!
You hit Ijyb but do no damage.
Ijyb is lightly wounded.
Ijyb screams, "Level is mine!
All mine!"
Ijyb zaps a wand.
The bolt of lightning hits you!
* * * LOW HITPOINT WARNING * * *
You closely miss Ijyb.
Ijyb is lightly wounded.
Ijyb zaps a wand.
The bolt of lightning hits you!
You die...

.###.#.##..#....
..................#
.#######'#######..#
†# #.# #..# .#
#.##### #.. .#
+.'...# #?. .#
#.###.# #.# .# #.#
#.# #g#
.###+###.###'###@#
.+.............'.#
.###+###.###'###.#
.# #.# #.# #.# .#
#.###.# #.# .#
+.'...# #.# #.#####
#.# #.# #.# #+# .#


You could see Ijyb.

Vanquished Creatures
  Sigmund (D:2)
  Purgy (D:3)
  Jessica (D:3)
  A worker ant (D:4)
  2 orc wizards (D:3)
  6 adders
  3 oozes
  3 worms (D:3)
  3 dart slugs (D:1)
  2 leopard geckos
  6 orcs (D:3)
  A giant cockroach (D:1)
  8 goblins
  6 hobgoblins
  10 jackals
  10 kobolds
  5 bats
  3 frilled lizards (D:1)
  11 rats
83 creatures vanquished.

Notes
Turn   | Place    | Note
-------+----------+-------------------------------------------
     0 | D:1      | KoningWillie the Hill Orc Fighter began the quest for the Orb.
     0 | D:1      | Reached XP level 1. HP: 19/19 MP: 1/1
   327 | D:1      | Reached XP level 2. HP: 24/27 MP: 2/2
   561 | D:1      | Reached skill level 3 in Axes
   608 | D:1      | Reached XP level 3. HP: 33/33 MP: 3/3
  1693 | D:2      | Reached XP level 4. HP: 39/40 MP: 4/4
  1701 | D:2      | Noticed Sigmund
  1717 | D:2      | Killed Sigmund
  1717 | D:2      | Reached skill level 5 in Axes
  1717 | D:2      | Reached XP level 5. HP: 37/47 MP: 5/5
  2282 | D:3      | Noticed Purgy
  2293 | D:3      | Killed Purgy
  2293 | D:3      | Reached XP level 6. HP: 37/53 MP: 6/6
  2473 | D:3      | Reached skill level 1 in Dodging
  2645 | D:3      | Noticed Jessica
  2653 | D:3      | Killed Jessica
  2757 | D:3      | Reached skill level 6 in Axes
  2757 | D:3      | Reached XP level 7. HP: 44/60 MP: 7/7
  2757 | D:3      | Reached skill level 5 in Armour
  3039 | D:3      | Noticed Sergeek's ghost (amateur HOFi)
  3197 | D:4      | Noticed Ijyb
  3205 | D:4      | Killed from afar by Ijyb

Skill      XL: |  1  2  3  4  5  6  7 |
---------------+----------------------+-----
Axes           | 3 5 6 |  6.1
Shields        | 4 |  4.9
Fighting       | 4 |  4.8
Armour         | 4 5 |  5.0
Dodging        | 1 |  1.2
Stealth        | |  0.1

Action                   |  1- 3 |  4- 6 |  7- 9 || total
-------------------------+-------+-------+-------++-------
Melee: War axe           |   110 |   107 |    34 ||   251
  Use: Scroll            |       |     2 |       ||     2
       Potion            |       |     1 |       ||     1
  Eat: Bread ration      |     1 |       |       ||     1
       Royal jelly       |       |     1 |       ||     1
       Meat ration       |       |       |     1 ||     1
Armor: Scale mail        |    45 |    62 |    13 ||   120
Dodge: Dodged            |    38 |    48 |    15 ||   101
Block: Shield            |    54 |    70 |    22 ||   146
